 Dungeon Crawl Stone Soup version 0.29-a0-542-g075992c915 (webtiles) character file.

Game seed: 3126950655942105688

86575 inmateoo the Severer (level 15, -1/136 HPs)
             Began as a Minotaur Fighter on June 4, 2022.
             Was the Champion of Okawaru.
             Slain by an orc knight
             ... wielding a +0 long sword
              (30 damage)
             ... on level 2 of the Orcish Mines.
             The game lasted 00:21:50 (24796 turns).

inmateoo the Severer (Minotaur Fighter)            Turns: 24796, Time: 00:21:50

Health: -1/136     AC: 26    Str: 29    XL:     15   Next: 41%
Magic:  20/20      EV: 11    Int:  5    God:    Okawaru [******]
Gold:   1712       SH: 14    Dex: 18    Spells: 14/14 levels left

rFire   + . .      SeeInvis +   o - +8 broad axe (flame)
rCold   . . .      Faith    .   u - +1 kite shield {reflect}
rNeg    . . .      Spirit   .   p - +0 crystal plate armour "Jiedwoh" {Str+4}
rPois   +          Reflect  +   (helmet restricted)
rElec   .          Harm     .   T - +1 cloak of the Nightingale {rPois rC- Dex+5 Slay+5}
rCorr   +          Rampage  .   D - +0 pair of gloves of Going Fast {rCorr SInv}
Will    +....                   U - +2 pair of boots {Fly}
Stlth   ..........              W - amulet of regeneration
HPRegen 1.12/turn               G - ring of protection from cold
MPRegen 0.17/turn               r - ring of protection from fire

@: corroded, flying
A: horns 2, retaliatory headbutt
a: Renounce Religion, Heroism, Finesse, Duel


You were on level 2 of the Orcish Mines.
You worshipped Okawaru.
Okawaru was exalted by your worship.
You visited 4 branches of the dungeon, and saw 23 of its levels.
You also visited: Gauntlet and Volcano.

You collected 1988 gold pieces.
You spent 276 gold pieces at shops.

Inventory:

Hand Weapons
 o - a +8 broad axe of flaming (weapon)
 z - the +9 war axe of Ciarph {freeze, Int+4}
   (Okawaru gifted it to you on level 3 of the Lair of Beasts)

   It freezes those it strikes, dealing additional cold damage.
   It can also slow down cold-blooded creatures.
   Int:       It affects your intelligence (+4).
Missiles
 i - a throwing net (quivered)
Armour
 p - the +0 crystal plate armour "Jiedwoh" (worn) {Str+4}
   (You acquired it on level 7 of the Dungeon)

   Str:       It affects your strength (+4).
 u - a +1 kite shield of reflection (worn)
 D - the +0 pair of gloves of Going Fast (worn) {rCorr SInv}
   (You bought it in a shop on level 9 of the Dungeon)

   SInv:      It lets you see invisible.
   rCorr:     It protects you from acid and corrosion.
 E - a +0 cloak
 T - the +1 cloak of the Nightingale (worn) {rPois rC- Dex+5 Slay+5}
   (You found it in a Gauntlet)

   Dex:       It affects your dexterity (+5).
   Slay:      It affects your accuracy & damage with ranged weapons and melee
   (+5).
   rC:        It makes you vulnerable to cold.
   rPois:     It protects you from poison.
 U - a +2 pair of boots of flying (worn)
 Z - the +0 pair of gloves of Supple Strength {rPois rF++ Dex-5 SInv}
   (Okawaru gifted it to you on level 6 of the Lair of Beasts)

   Dex:       It affects your dexterity (-5).
   rF:        It greatly protects you from fire.
   rPois:     It protects you from poison.
   SInv:      It lets you see invisible.
Jewellery
 r - a ring of protection from fire (right hand)
 y - a ring of poison resistance
 G - a ring of protection from cold (left hand)
 N - a ring of positive energy
 Q - a +6 ring of strength
 R - a ring of see invisible
 W - an amulet of regeneration (around neck)
Wands
 a - a wand of digging (1)
 b - a wand of flame (53)
 e - a wand of acid (4)
 n - a wand of mindburst (12)
 s - a wand of polymorph (9)
 K - a wand of iceblast (14)
 X - a wand of paralysis (6)
Scrolls
 c - 3 scrolls of fog
 f - 8 scrolls of immolation
 m - 3 scrolls of blinking
 x - 3 scrolls of teleportation
 C - 3 scrolls of amnesia
 H - 12 scrolls of identify
 J - 3 scrolls of fear
 M - a scroll of enchant armour
 O - 4 scrolls of brand weapon
 V - a scroll of poison
Potions
 d - 7 potions of might
 k - 3 potions of lignification
 l - 13 potions of curing
 q - 4 potions of heal wounds
 v - 3 potions of brilliance
 w - 3 potions of mutation
 B - 2 potions of cancellation
 L - 2 potions of flight
 P - a potion of resistance
 S - 2 potions of haste
 Y - a potion of invisibility


   Skills:
 + Level 13.5 Fighting
 * Level 18.2 Axes
 + Level 13.6 Armour
 + Level 11.9 Dodging
 + Level 13.5 Shields
 + Level 9.0 Invocations


You had 14 spell levels left.
You didn't know any spells.
Your spell library contained the following spells:

 Spells                   Type           Power      Damage    Failure   Level
 Magic Dart               Conj           0%         1d3       100%        1
 Shock                    Conj/Air       0%         1d3       100%        1
 Slow                     Hex            0%         N/A       100%        1
 Searing Ray              Conj           0%         2d4       100%        2
 Confusing Touch          Hex            0%         N/A       100%        3
 Frozen Ramparts          Ice            0%         1d2       100%        3
 Ignite Poison            Fire/Tmut/Pois 0%         N/A       100%        3
 Mephitic Cloud           Conj/Pois/Air  0%         N/A       100%        3
 Ozocubu's Armour         Ice            0%         N/A       100%        3
 Swiftness                Air            0%         N/A       100%        3
 Vampiric Draining        Necr           0%         2d6       100%        3
 Airstrike                Air            0%         N/A       100%        4
 Corpse Rot               Necr/Pois/Air  0%         N/A       100%        4
 Fulminant Prism          Conj/Hex       0%         3d6       100%        4
 Ice Form                 Ice/Tmut       0%         N/A       100%        4
 Iskenderun's Mystic Bla  Conj/Tloc      0%         2d3       100%        4
 Freezing Cloud           Conj/Ice/Air   0%         6-21      100%        5
 Lee's Rapid Deconstruct  Erth           0%         3d5*      100%        5
 Metabolic Englaciation   Hex/Ice        0%         N/A       100%        5
 Dispersal                Tloc           0%         N/A       100%        6
 Orb of Destruction       Conj           0%         9d5       100%        7
 Storm Form               Tmut/Air       0%         N/A       100%        7
 Disjunction              Tloc           0%         N/A       100%        8
 Maxwell's Capacitive Co  Air            0%         ∞         100%        8
 Summon Guardian Golem    Hex/Summ       Unusable   N/A       N/A         3
 Summon Ice Beast         Ice/Summ       Unusable   N/A       N/A         4
 Summon Lightning Spire   Summ/Air       Unusable   N/A       N/A         4
 Death Channel            Necr           Unusable   N/A       N/A         6
 Simulacrum               Ice/Necr       Unusable   N/A       N/A         6
 Spellforged Servitor     Conj/Summ      Unusable   N/A       N/A         7

Dungeon Overview and Level Annotations

Branches:
Dungeon (14/15)            Temple (1/1) D:4            Lair (6/6) D:9
  Swamp (0/4) Lair:3       Spider (0/4) Lair:4        Slime (0/5) Lair:6
    Orc (2/2) D:12         Vaults (0/5) D:13        Volcano (visited)
Gauntlet (visited)
    Elf: Orc:2

Altars:
Ashenzari
Cheibriados
Dithmenos
Elyvilon
Fedhas
Gozag
Hepliaklqana
Kikubaaqudgha
Makhleb
Nemelex Xobeh
Okawaru
Qazlal
Ru
Sif Muna
Trog
Uskayaw
Vehumet
Wu Jian
Xom
Yredelemnul
Zin
The Shining One

Shops:
D:4 (   D:9 [   D:10 (

Portals:
Ice
Cave: D:14

Annotations:
D:3 3 runed translucent doors, dezertu's ghost, amateur BaHu
D:5 3 runed translucent doors, gabibbone's ghost, novice MiBe


Innate Abilities, Weirdness & Mutations

You have a pair of horns on your head.
You reflexively headbutt those who attack you in melee.


Message History

* * * LOW HITPOINT WARNING * * *
The red devil hits you but does no damage.
You can move again.
Unknown command.
Unknown command.
Unknown command.
Unknown command.
Unknown command.
You slice the orc sorcerer!! You burn the orc sorcerer.
The orc sorcerer is almost dead.
You slice the orc knight!! You burn the orc knight.
You closely miss the orc knight.
You hit the soul eater but do no damage.
The orc sorcerer no longer looks unusually strong. x2
The orc wizard no longer looks unusually strong.
The orange demon closely misses you. You block the soul eater's attack.
The orc sorcerer hits you but does no damage.
The orc knight barely misses you. You block the orc knight's attack.
You block the red devil's attack.
You slice the orc sorcerer!! You burn the orc sorcerer.
You kill the orc sorcerer!
Okawaru accepts your kill.
The orange demon disappears in a puff of smoke!
The red devil disappears in a puff of smoke!
The soul eater disappears in a puff of smoke!
You barely miss the orc knight. You slice the orc knight!!
You burn the orc knight. You hit the orc knight. You burn the orc knight.
You barely miss the orc knight.
The orc knight hits you but does no damage.
An orc priest comes into view. It is wielding a +0 dagger.
The orc knight hits you with a +2 vampiric great sword.
* * * LOW HITPOINT WARNING * * *
The orc knight draws strength from your wounds!
You slice the orc knight!! You burn the orc knight.
You headbutt the orc knight, but do no damage.
The orc knight is heavily wounded.
You slash the orc knight! You burn the orc knight.
The orc knight hits you with a +0 long sword!!
You die...

......).).....##.#
......))#......###
<......)........#
.......$.....#.##
.........#######
.........#
......).)#
......)o)#
......o@.#
........§#
....3ooo§#
.....$§o.#
.....#o.##
.......#. .#.....
. #...o. .


You could see 2 orc knights, a soul eater (summoned), 2 orc sorcerers, 2 orc
warriors, an orc priest and an orc wizard (invisible).

Vanquished Creatures
  Frances (D:13)
  Kirke (Lair:6)
  An orc warlord (Orc:1)
  A minotaur (Gauntlet)
  2 dire elephants (Lair:6)
  3 boulder beetles
  6 hydras
  An ogre mage (Volcano)
  5 vault guards (D:13)
  4 centaur warriors (D:13)
  11 death yaks (Lair:6)
  5 two-headed ogres
  A hell hog (Gauntlet)
  3 orc high priests (Orc:2)
  Nergalle (Orc:1)
  A hell knight (Volcano)
  Amaemon (Lair:3)
  Sonja (D:12)
  A deep elf knight (D:13)
  2 spectral death yaks (Lair:6)
  A spectral anaconda (Lair:6)
  An obsidian statue (Lair:6)
  A deep elf archer (D:13)
  3 necromancers (Lair:6)
  2 orc sorcerers
  2 ugly things (D:12)
  11 elephants
  2 dire elephant zombies (Lair:6)
  A guardian serpent (D:13)
  3 cyclopes
  4 black mambas
  An orange demon (Lair:3)
  A torpor snail (Lair:6)
  2 molten gargoyles (Volcano)
  11 cane toads
  3 rime drakes
  Psyche (D:12)
  3 unseen horrors
  11 komodo dragons
  A yaktaur (D:13)
  A freezing wraith (D:14)
  2 tengu conjurers (D:13)
  8 trolls
  2 tyrant leeches (Lair:3)
  2 hornets
  A queen bee (Lair:3)
  2 polar bears (Lair:3)
  A spectral elephant (Lair:6)
  5 slime creatures
  7 blink frogs
  3 centaur simulacra (Gauntlet)
  5 wraiths
  62 yaks
  A human (Lair:6)
  A vampire (D:11)
  A ynoxinul (Gauntlet)
  4 hogs (Lair:6)
  6 wyverns
  4 fire bats
  3 shadows
  A death yak simulacrum (Lair:6)
  4 basilisks
  18 vampire mosquitoes
  A spectral cane toad (Lair:6)
  4 wargs
  3 hell hounds
  4 acid dragons
  Duvessa (D:7)
  17 water moccasins
  9 orc warriors
  3 ice beasts
  2 black bears (D:6)
  15 wolves
  2 elephant zombies (Lair:6)
  3 ogres
  14 centaurs
  4 elephant skeletons (Lair:6)
  14 bullfrogs
  A kobold brigand (D:6)
  A gnoll sergeant (D:8)
  3 necrophages
  A cane toad simulacrum (Lair:6)
  4 scorpions
  4 wights (D:7)
  A hornet simulacrum (Gauntlet)
  Dowan (D:7)
  An elephant simulacrum (Lair:6)
  28 killer bees
  2 electric eels
  7 howler monkeys
  7 lava snakes (Volcano)
  3 hounds
  4 iron imps
  4 jellies
  6 orc priests
  An iguana (D:6)
  18 orc wizards
  4 hell rats (Lair:4)
  7 gnolls
  8 adders
  2 river rats (Lair:3)
  4 white imps
  3 worms
  2 dart slugs
  56 orcs
  2 endoplasms
  2 goblins
  8 hobgoblins
  7 jackals
  3 quokkas
  2 ball pythons
  3 bats (D:1)
  A frilled lizard (D:1)
  10 kobolds
  7 rats
585 creatures vanquished.

Vanquished Creatures (others)
  A centaur (Lair:4)
  13 fungi
  47 plants
  16 withered plants (Lair:6)
77 creatures vanquished.

Grand Total: 662 creatures vanquished

Notes
Turn   | Place    | Note
-------+----------+-------------------------------------------
     0 | D:1      | inmateoo the Minotaur Fighter began the quest for the Orb.
     0 | D:1      | Reached XP level 1. HP: 19/19 MP: 0/0
   241 | D:1      | Reached XP level 2. HP: 23/27 MP: 1/1
   280 | D:1      | Reached skill level 3 in Axes
   929 | D:2      | Reached XP level 3. HP: 31/33 MP: 2/2
  1250 | D:2      | Found a faded altar of an unknown god.
  1647 | D:3      | Reached XP level 4. HP: 30/40 MP: 3/3
  1652 | D:3      | Reached skill level 4 in Axes
  1652 | D:3      | Reached skill level 1 in Dodging
  1733 | D:3      | Found a runed translucent gate.
  1733 | D:3      | Found a runed translucent gate.
  1733 | D:3      | Found a runed translucent gate.
  1853 | D:3      | Reached XP level 5. HP: 11/47 MP: 4/4
  2501 | D:3      | Noticed dezertu's ghost (amateur BaHu)
  2680 | D:4      | Found a staircase to the Ecumenical Temple.
  2716 | Temple   | Entered the Ecumenical Temple
  2825 | D:4      | Reached XP level 6. HP: 50/53 MP: 5/5
  2949 | D:4      | Reached skill level 5 in Axes
  3004 | D:4      | Found Qomputug's Antique Weapon Emporium.
  3293 | D:5      | Entered Level 5 of the Dungeon
  3335 | D:5      | Found a runed translucent gate.
  3335 | D:5      | Found a runed translucent gate.
  3335 | D:5      | Found a runed translucent gate.
  3343 | D:5      | Noticed gabibbone's ghost (novice MiBe)
  3360 | D:5      | Found an iron altar of Okawaru.
  3368 | D:5      | Became a worshipper of Warmaster Okawaru
  3483 | D:5      | Reached skill level 5 in Shields
  3485 | D:5      | Reached skill level 5 in Fighting
  3486 | D:5      | Reached skill level 5 in Armour
  3518 | D:5      | Noticed a water moccasin
  3533 | D:5      | Killed a water moccasin
  3534 | D:5      | Reached XP level 7. HP: 43/61 MP: 6/6
  3546 | D:5      | Reached skill level 6 in Axes
  3830 | D:5      | Found a shadowy altar of Dithmenos.
  3862 | D:5      | Found an ornate altar of the Wu Jian Council.
  4003 | D:5      | Found a burning altar of Makhleb.
  4005 | D:5      | Found a hazy altar of Hepliaklqana.
  4649 | D:6      | Reached * piety under Okawaru
  5187 | D:6      | Reached skill level 7 in Axes
  5187 | D:6      | Reached XP level 8. HP: 65/70 MP: 7/7
  5294 | D:6      | Found a snail-covered altar of Cheibriados.
  5666 | D:6      | Found a white marble altar of Elyvilon.
  5676 | D:6      | Reached ** piety under Okawaru
  5865 | D:7      | Reached skill level 8 in Axes
  5938 | D:7      | Noticed Dowan
  5940 | D:7      | Noticed Duvessa
  5949 | D:7      | Killed Dowan
  5960 | D:7      | Killed Duvessa
  6468 | D:7      | Reached XP level 9. HP: 19/74 MP: 8/8
  6884 | D:7      | Identified a scroll of acquirement
  6884 | D:7      | Acquired the +0 crystal plate armour "Jiedwoh" {Str+4}
  6950 | D:7      | Reached skill level 5 in Dodging
  7169 | D:7      | Found a basalt altar of Yredelemnul.
  7227 | D:7      | Reached skill level 9 in Axes
  8001 | D:8      | Reached *** piety under Okawaru
  8011 | D:8      | Reached skill level 10 in Axes
  8139 | D:8      | Found a broken altar of Ashenzari.
  8162 | D:8      | Found an ancient bone altar of Kikubaaqudgha.
  8163 | D:8      | Found a stormy altar of Qazlal.
  8301 | D:8      | Killed an unseen horror
  8693 | D:8      | Reached XP level 10. HP: 56/88 MP: 9/9
  8698 | D:8      | Reached **** piety under Okawaru
  9164 | D:9      | Found a staircase to the Lair.
  9256 | D:9      | Reached skill level 11 in Axes
  9266 | D:9      | Reached ***** piety under Okawaru
  9598 | D:9      | Reached skill level 1 in Invocations
  9692 | D:9      | Found Tonuy's Armour Shop.
  9724 | D:9      | Bought the +0 pair of gloves of Going Fast {rCorr SInv} for
                  | 276 gold pieces
 10208 | D:10     | Entered Level 10 of the Dungeon
 10408 | D:10     | Reached XP level 11. HP: 78/97 MP: 11/11
 10504 | D:10     | Reached skill level 12 in Axes
 10721 | D:10     | Noticed a two-headed ogre
 10730 | D:10     | Killed a two-headed ogre
 10799 | D:10     | Found Mybebeq's Antique Weapon Boutique.
 11100 | D:11     | Noticed a four-headed hydra
 11109 | D:11     | Killed a one-headed hydra
 11129 | D:11     | Reached ****** piety under Okawaru
 11948 | D:12     | Noticed Sonja
 11951 | D:12     | Killed Sonja
 11951 | D:12     | Identified the +2 broad axe of Sunlight {vorpal, Fragile
                  | rPois Str+8 Int+5} (Okawaru gifted it to you on level 12 of
                  | the Dungeon)
 11951 | D:12     | Received a gift from Okawaru
 11955 | D:12     | Noticed an eight-headed hydra
 11960 | D:12     | Reached skill level 13 in Axes
 12206 | D:11     | Killed a two-headed hydra
 12296 | D:12     | Noticed a five-headed hydra
 12307 | D:12     | Killed a one-headed hydra
 12308 | D:12     | Reached skill level 10 in Fighting
 12308 | D:12     | Reached skill level 10 in Armour
 12308 | D:12     | Reached skill level 10 in Shields
 12503 | D:12     | Noticed a cyan ugly thing
 12518 | D:12     | Killed a cyan ugly thing
 12532 | D:12     | Received a gift from Okawaru
 12577 | D:12     | Reached XP level 12. HP: 99/106 MP: 14/14
 12586 | D:12     | Found a staircase to the Orcish Mines.
 12829 | D:12     | Noticed a boulder beetle
 12869 | D:12     | Killed a boulder beetle
 12929 | D:12     | Noticed Psyche
 12946 | D:12     | Killed Psyche
 13281 | D:13     | Noticed a centaur warrior
 13293 | D:13     | Killed a centaur warrior
 13293 | D:13     | Identified the +1 robe of Okawaru's Condemnation {Rampage
                  | Drain +Inv Dex+4} (Okawaru gifted it to you on level 13 of
                  | the Dungeon)
 13293 | D:13     | Received a gift from Okawaru
 13328 | D:13     | Noticed a centaur warrior
 13334 | D:13     | Killed a centaur warrior
 13335 | D:13     | Reached skill level 14 in Axes
 13335 | D:13     | Reached skill level 5 in Invocations
 13376 | D:13     | Noticed a centaur warrior
 13386 | D:13     | Killed a centaur warrior
 13422 | D:13     | Noticed a boulder beetle
 13444 | D:13     | Killed a boulder beetle
 13622 | D:13     | Noticed a centaur warrior
 13637 | D:13     | Killed a centaur warrior
 13869 | D:13     | Noticed Frances
 13888 | D:13     | Killed Frances
 14492 | D:13     | Noticed a vault guard
 14804 | D:13     | Noticed a vault guard
 15496 | D:13     | Noticed a boulder beetle
 15511 | D:13     | Killed a boulder beetle
 15901 | D:13     | Noticed a vault guard
 15926 | D:13     | Killed a vault guard
 16361 | D:13     | Killed a vault guard
 16362 | D:13     | Reached XP level 13. HP: 107/116 MP: 16/16
 16419 | D:13     | Reached skill level 15 in Axes
 16542 | D:13     | Found a gate to the Vaults.
 16572 | D:13     | Received a gift from Okawaru
 16835 | D:14     | Found a frozen archway.
 17395 | Lair:1   | Entered Level 1 of the Lair of Beasts
 18015 | Lair:2   | Found a gate leading to a gauntlet.
 18047 | Gauntlet | Entered a Gauntlet
 18047 | Gauntlet | Found a transporter.
 18049 | Gauntlet | Found a large runed translucent door.
 18050 | Gauntlet | Found a large runed translucent door.
 18051 | Gauntlet | Found a large runed translucent door.
 18051 | Gauntlet | Found a large runed translucent door.
 18051 | Gauntlet | Found a runed translucent door.
 18052 | Gauntlet | Found a large runed translucent door.
 18053 | Gauntlet | Found a large runed translucent door.
 18054 | Gauntlet | Found a large runed translucent door.
 18054 | Gauntlet | Found a large runed translucent door.
 18055 | Gauntlet | Found a runed translucent gate.
 18055 | Gauntlet | Found a runed translucent gate.
 18057 | Gauntlet | Found a transporter.
 18065 | Gauntlet | Found a runed translucent gate.
 18065 | Gauntlet | Found a runed translucent door.
 18066 | Gauntlet | Found a large runed translucent door.
 18066 | Gauntlet | Found a large runed translucent door.
 18067 | Gauntlet | Found a large runed translucent door.
 18068 | Gauntlet | Found a large runed translucent door.
 18072 | Gauntlet | Found a transporter.
 18077 | Gauntlet | Found a transporter.
 18077 | Gauntlet | Noticed an entropy weaver
 18102 | Gauntlet | Found a transporter.
 18111 | Gauntlet | Found a transporter.
 18123 | Gauntlet | Found a transporter.
 18135 | Gauntlet | Found a transporter.
 18141 | Gauntlet | Found a transporter.
 18156 | Gauntlet | Found a transporter.
 18162 | Gauntlet | Found a transporter.
 18171 | Gauntlet | Noticed a blizzard demon
 18177 | Gauntlet | Found a transporter.
 18194 | Gauntlet | Found a transporter.
 18214 | Gauntlet | Found a transporter.
 18239 | Gauntlet | Found a transporter.
 18241 | Gauntlet | Found a transporter.
 18257 | Gauntlet | Found a large runed translucent door.
 18257 | Gauntlet | Found a large runed translucent door.
 18258 | Gauntlet | Found a large runed translucent door.
 18259 | Gauntlet | Found a large runed translucent door.
 18261 | Gauntlet | Found a transporter.
 18341 | Gauntlet | Found a transporter.
 18439 | Gauntlet | Reached skill level 10 in Dodging
 18454 | Gauntlet | Identified the +5 morningstar of Equilibrium {venom, rElec
                  | rC+ Str-5 Int+5}
 18578 | Gauntlet | Identified the +1 cloak of the Nightingale {rPois rC- Dex+5
                  | Slay+5}
 18584 | Gauntlet | Noticed a minotaur
 18601 | Gauntlet | Killed a minotaur
 19492 | Lair:3   | Noticed Amaemon
 19503 | Lair:3   | Killed Amaemon
 19506 | Lair:3   | Identified the +9 war axe of Ciarph {freeze, Int+4}
                  | (Okawaru gifted it to you on level 3 of the Lair of Beasts)
 19506 | Lair:3   | Received a gift from Okawaru
 19636 | Lair:3   | Reached skill level 16 in Axes
 19783 | Lair:3   | Found a staircase to the Swamp.
 20133 | Lair:3   | Reached XP level 14. HP: 125/126 MP: 18/18
 20161 | Lair:3   | Received a gift from Okawaru
 20275 | Lair:3   | Found the +5 scythe "Finisher" {speed, eviscerate}
 20477 | Lair:4   | Found a hole to the Spider Nest.
 20869 | Lair:4   | Got the Collected Works on Warped Black Rituals
 20968 | Lair:4   | Found a shimmering altar of Xom.
 22106 | Lair:6   | Entered Level 6 of the Lair of Beasts
 22121 | Lair:6   | Noticed Kirke
 22130 | Lair:6   | Killed Kirke
 22177 | Lair:6   | Found a staircase to the Slime Pits.
 22204 | Lair:6   | Reached skill level 17 in Axes
 22489 | Lair:6   | Received a gift from Okawaru
 23100 | Lair:6   | Identified the +0 pair of gloves of Supple Strength {rPois
                  | rF++ Dex-5 SInv} (Okawaru gifted it to you on level 6 of
                  | the Lair of Beasts)
 23100 | Lair:6   | Received a gift from Okawaru
 23144 | Lair:6   | Reached XP level 15. HP: 102/135 MP: 16/20
 23615 | Orc:1    | Entered Level 1 of the Orcish Mines
 23635 | Orc:1    | Noticed Nergalle
 23643 | Orc:1    | Killed Nergalle
 23683 | Orc:1    | Found a dark tunnel.
 23695 | Orc:1    | Noticed an orc warlord
 23713 | Orc:1    | Killed an orc warlord
 23714 | Orc:1    | Reached skill level 18 in Axes
 23728 | Volcano  | Entered a volcano
 24132 | Volcano  | Found a radiant altar of Vehumet.
 24718 | Orc:2    | Entered Level 2 of the Orcish Mines
 24789 | Orc:2    | Paralysed by an orc sorcerer for 3 turns
 24796 | Orc:2    | Slain by an orc knight

Illustrated notes

Levels and vault maps discovered:
D:1:      dreamdust_arrival_beginning_and_end, layout_loops_corners
D:2:      layout_loops_corners, shapermc_ecumenical_altar_flowoftime
D:3:      layout_basic, gammafunk_ghost_icy, moated_statue
D:4:      layout_gridville, minmay_temple_entry_mist, serial_shops, shop
D:5:      layout_basic, nicolae_wu_jian_immortal_techniques,
          mainiacjoe_overflow_six_doors_small, kennysheep_okawaru_gauntlet,
          nicolae_overflow_hidden_temple, gammafunk_ghost_split
D:6:      layout_loops_ring, nicolae_elyvilon_temple_path, slow_altar_1
D:7:      layout_layer_cave, general_overflow_altar, uniq_duvessa
D:8:      layout_rooms, mainiacjoe_overflow_divided_tiny,
          ashenzari_conservatory_becter, nrook_loot_triangle,
          serial_bayou_ford_a
D:9:      layout_cave_pods, lair_entry_dummy, serial_shops, shop
D:10:     layout_loops_cross, serial_shops, shop
D:11:     layout_basic
D:12:     layout_long_grid, david_orc_2, uniq_psyche, uniq_sonja
D:13:     layout_grid_maze, grunt_vaults_entry_fortified,
          nrook_guardian_serpent_ordinary, uniq_frances
D:14:     layout_roguey, serial_ice, serial_ice_j, serial_ice_h, serial_ice_d,
          serial_ice_o, portal_ice_cave_entry_frozen_things, pf_eden
Temple:   jpeg_temple_clearing
Lair:1:   layout_cave_shapes
Lair:2:   layout_roguey, gauntlet_entry_generic
Lair:3:   regret_index_wax_grids, layout_misc_corridors,
          minmay_swamp_entry_worms, serial_forest,
          infiniplex_forest_clump_double, infiniplex_forest_end_2,
          infiniplex_forest_clump_curved, infiniplex_forest_lined_corner,
          infiniplex_forest_straight_3, infiniplex_forest_lined_2,
          infiniplex_forest_clump_large, serial_bayou_shore_a, uniq_amaemon
Lair:4:   layout_regular_city, spider_nest_entry_web_field, lemuel_centaur_altar
Lair:5:   layout_cave_pods, infiniplex_staircase_pool_2
Lair:6:   due_jungle_book, layout_gridlike, minmay_slime_entry_pillars,
          uniq_kirke
Orc:1:    layout_caves, enter_volcano_3, mines2_lemuel, uniq_nergalle
Orc:2:    st_orc_elflike, layout_caves, special_room

Skill      XL: |  1  2  3  4  5  6  7  8  9 10 11 12 13 14 15 |
---------------+----------------------------------------------+-----
Axes           | 3 4 5 7 8 10 11 13 14 16 17 18 | 18.2
Shields        | 4 5 6 7 9 10 11 12 13 | 13.5
Fighting       | 4 5 6 7 9 10 11 12 13 | 13.5
Armour         | 4 5 6 7 9 10 11 12 13 | 13.6
Dodging        | 1 2 3 4 6 7 8 9 10 11 | 11.9
Invocations    | 2 4 6 7 8 9 |  9.0

Action                   |  1- 3 |  4- 6 |  7- 9 | 10-12 | 13-15 || total
-------------------------+-------+-------+-------+-------+-------++-------
Melee: War axe           |    82 |    77 |   145 |       |   527 ||   831
       Headbutt          |     6 |    14 |    62 |   134 |   216 ||   432
       Hand axe          |       |       |   143 |   544 |   258 ||   945
       Broad axe         |       |       |       |     7 |    39 ||    46
Throw: Dart              |       |       |       |     4 |       ||     4
       Throwing net      |       |       |       |     3 |     1 ||     4
Invok: Heroism           |       |       |       |     3 |     2 ||     5
Evoke: Wand              |       |       |     5 |    18 |     4 ||    27
  Use: Scroll            |       |    15 |     8 |     4 |    17 ||    44
       Potion            |       |       |     1 |       |       ||     1
 Stab: Held in net/web   |       |       |       |     2 |     2 ||     4
       Distracted        |       |       |       |     1 |       ||     1
Armor: Scale mail        |    41 |    43 |    18 |       |       ||   102
       Plate armour      |       |       |    97 |       |       ||    97
       Crystal plate arm |       |       |    87 |   331 |   361 ||   779
Dodge: Dodged            |    32 |    38 |    82 |   121 |   205 ||   478
Block: Buckler           |    23 |     8 |       |       |       ||    31
       Kite shield       |       |    30 |   136 |   289 |   431 ||   886
       Reflection        |       |       |       |       |    20 ||    20

Table legend: (Time is in decaauts)
 A = Elapsed time spent in this place.
 B = Non-inter-level travel time spent in this place.
 C = Inter-level travel time spent in this place.
 D = Time resting spent in this place.
 E = Time spent auto-exploring this place.
 F = Levels seen in this place.
 G = Mean time per level.
                   A        B        C        D        E       F      G
               +--------+--------+--------+--------+--------+-----+--------+
         Total |  24701 |  23636 |   1065 |   6934 |  12378 |  25 |  988.0 |
       Dungeon |  17438 |  16605 |    833 |   5975 |   7954 |  14 | 1245.6 |
        Temple |     89 |     77 |     12 |      0 |     65 |   1 |   89.0 |
          Lair |   5463 |   5256 |    207 |    757 |   3512 |   6 |  910.5 |
  Orcish Mines |    594 |    582 |     12 |      0 |    397 |   2 |  297.0 |
       Volcano |    563 |    563 |      0 |    152 |    195 |   1 |  563.0 |
      Gauntlet |    551 |    551 |      0 |     50 |    255 |   1 |  551.0 |
               +--------+--------+--------+--------+--------+-----+--------+

Top non-repeatable levels by time:
    D:13: 3140 daAuts
     D:7: 1980 daAuts
     D:6: 1533 daAuts
    D:12: 1490 daAuts
  Lair:6: 1298 daAuts
     D:9: 1281 daAuts
    D:11: 1139 daAuts
     D:8: 1133 daAuts
     D:3: 1102 daAuts
     D:5: 1063 daAuts
  Lair:4: 965 daAuts
    D:10: 963 daAuts
  Lair:2: 953 daAuts
  Lair:3: 873 daAuts
     D:1: 841 daAuts
